 Dungeon Crawl Stone Soup version 0.21.0-25-ge575cb9 (webtiles) character file.

552 HEYYEYAAE the Poker (level 7, 0/62 HPs)
             Began as a Naga Gladiator on Jan 26, 2018.
             Slain by an ogre
             ... wielding a +0 giant club
              (20 damage)
             ... on level 5 of the Dungeon.
             The game lasted 00:05:29 (3410 turns).

HEYYEYAAE the Poker (Naga Gladiator)                Turns: 3410, Time: 00:05:30

Health: 0/62       AC: 10    Str: 24    XL:     7   Next: 29%
Magic:  7/7        EV:  9    Int:  8    God:
Gold:   344        SH:  0    Dex: 12    Spells: 6/6 levels left

rFire    . . .     SeeInvis +   h - +0 spear
rCold    . . .     Gourm    .   (no shield)
rNeg     . . .     Faith    .   e - +0 troll leather armour
rPois    +         Spirit   .   c - +0 helmet
rElec    .         Reflect  .   (no cloak)
rCorr    +         Harm     .   (no gloves)
MR       .....                  v - +0 naga barding
Stlth    +.........             (no amulet)
HPRegen  0.60/turn              i - ring of resist corrosion
MPRegen  0.10/turn              A - ring of loudness (curse)

@: mighty, lethally poisoned (0 -> -1), short of breath, very slow
A: large, see invisible, deformed body, poison resistance, slowness 2, slow
metabolism 1, spit poison 1, AC +2
a: Spit Poison


You were on level 5 of the Dungeon.
You were hungry.

You visited 1 branch of the dungeon, and saw 5 of its levels.

You collected 344 gold pieces.

Inventory:

Hand Weapons
 a - a +0 trident
 h - a +0 spear (weapon)
Missiles
 d - 2 throwing nets (quivered)
 B - 7 steel javelins
Armour
 b - a +0 leather armour
 c - a +0 helmet (worn)
 e - a +0 troll leather armour (worn)
 v - a +0 naga barding (worn)
Jewellery
 i - a ring of resist corrosion (left hand)
 A - a cursed ring of loudness (right hand)
 C - a +6 ring of dexterity {unknown}
Scrolls
 g - 4 scrolls of amnesia {unknown}
 j - a scroll of fear {unknown}
 l - 4 scrolls of remove curse {unknown}
 m - 3 scrolls of magic mapping {unknown}
 n - 3 scrolls of enchant armour {unknown}
 o - 5 scrolls of identify {unknown}
 r - 2 scrolls of blinking {unknown}
 t - 2 scrolls of noise {unknown}
 w - a scroll of random uselessness {unknown}
 x - a scroll of fog {unknown}
 y - a scroll of teleportation {unknown}
Potions
 q - a potion of heal wounds {unknown}
 s - a potion of lignification {unknown}
 u - a potion of agility {unknown}
 z - a potion of ambrosia {unknown}
Books
 D - a book of Cantrips

   Spells                             Type                      Level
   a - Confusing Touch                Hexes                        1
   b - Animate Skeleton               Necromancy                   1
   c - Summon Small Mammal            Summoning                    1
   d - Apportation                    Translocation                1
Comestibles
 f - 13 rations


   Skills:
 + Level 3.5 Fighting
 * Level 5.3 Polearms
 - Level 2.0 Throwing
 + Level 2.2 Armour
 + Level 3.4 Dodging
 + Level 4.2 Stealth


You had 6 spell levels left.
You didn't know any spells.

Dungeon Overview and Level Annotations

Branches:
Dungeon (5/15)
 Temple: D:4-7

Altars:


Innate Abilities, Weirdness & Mutations

You cannot wear boots.
Your serpentine skin is tough. (AC +2)
You have supernaturally acute eyesight. (SInv)
Armour fits poorly on your strangely shaped body.
Your system is resistant to poisons. (rPois)
You cover ground very slowly.
You have a slow metabolism.
You can spit poison.


Message History

Evoke which item? (* to show all) (? for menu, Esc to quit)
Okay, then.
It was a potion of magic.
Magic courses through your body. The worker ant bites you.
Unknown command.
Unknown command.
It was a potion of might.
You feel very mighty all of a sudden. The ogre barely misses you.
The worker ant bites you.
You are poisoned.
The worker ant poisons you!
Unknown command.
Unknown command.
Unknown command.
Press: ? - help, Shift-Dir - straight line, f - ogre
Aim: an ogre, wielding a giant club The splash of poison misses the ogre.
You feel slightly more hungry.
You feel sick. The worker ant barely misses you.
The ogre hits you with a giant club!!
You die...

## #########.##
...........
..........########
.................# .
......a..........# ####.
#......@.........###....
......O..........'......
......###........###.##.
...... #........# #.##.
..... #$.$.....# #.##.
..... #........# #.##.
.... #############.#..
.... #.............#..
..#+####.#############..


You could see an ogre and a worker ant.

Vanquished Creatures
  A sky beast (D:5)
  A scorpion (D:5)
  A crimson imp (D:5)
  An orc priest (D:5)
  2 bullfrog skeletons
  An iguana (D:5)
  An orc wizard (D:5)
  A worker ant (D:4)
  A hound zombie (D:5)
  A worker ant zombie (D:5)
  An adder (D:3)
  7 river rats (D:5)
  2 worms (D:2)
  2 dart slugs (D:2)
  3 leopard geckos
  8 orcs
  A ball python (D:1)
  6 giant cockroaches
  3 goblins (D:1)
  8 hobgoblins
  11 jackals
  9 quokkas
  6 bats
  3 frilled lizards
  11 kobolds
  A leopard gecko skeleton (D:4)
  24 rats
117 creatures vanquished.

Notes
Turn   | Place    | Note
-------+----------+-------------------------------------------
     0 | D:1      | HEYYEYAAE the Naga Gladiator began the quest for the Orb.
     0 | D:1      | Reached XP level 1. HP: 19/19 MP: 1/1
    65 | D:1      | Reached XP level 2. HP: 2/26 MP: 2/2
   322 | D:1      | Reached skill level 1 in Stealth
   349 | D:1      | Reached XP level 3. HP: 28/32 MP: 3/3
  1153 | D:2      | Reached XP level 4. HP: 32/40 MP: 4/4
  1180 | D:2      | Reached skill level 1 in Armour
  2197 | D:4      | Reached skill level 4 in Polearms
  2198 | D:4      | Reached XP level 5. HP: 39/46 MP: 5/5
  2574 | D:5      | Entered Level 5 of the Dungeon
  2651 | D:5      | Reached XP level 6. HP: 52/56 MP: 6/6
  2992 | D:5      | Noticed a sky beast
  3028 | D:5      | Killed a sky beast
  3028 | D:5      | Reached skill level 5 in Polearms
  3028 | D:5      | Reached XP level 7. HP: 28/62 MP: 7/7
  3410 | D:5      | Slain by an ogre

Skill      XL: |  1  2  3  4  5  6  7 |
---------------+----------------------+-----
Stealth        | 1 2 3 4 |  4.2
Throwing       | 2 |  2.0
Armour         | 1 2 |  2.2
Polearms       | 4 5 |  5.3
Dodging        | 3 |  3.4
Fighting       | 3 |  3.5

Action                   |  1- 3 |  4- 6 |  7- 9 || total
-------------------------+-------+-------+-------++-------
Melee: Trident           |    58 |       |       ||    58
       Spear             |   126 |   266 |   127 ||   519
Throw: Throwing net      |       |       |     3 ||     3
       Javelin           |       |       |     2 ||     2
 Abil: Spit Poison       |       |     6 |     2 ||     8
  Use: Potion            |       |       |     2 ||     2
 Stab: Sleeping          |     2 |     2 |       ||     4
       Distracted        |       |     1 |       ||     1
  Eat: Chunk             |       |     6 |     1 ||     7
Armor: Leather armour    |     4 |       |       ||     4
       Skin              |     1 |       |       ||     1
       Troll leather arm |    24 |   112 |    48 ||   184
Dodge: Dodged            |    79 |    81 |    38 ||   198
